 Dungeon Crawl Stone Soup version 0.21.1-1-g345015fe64 (webtiles) character file.

476 Peloso the Covered (level 6, -2/53 HPs)
             Began as a Minotaur Fighter on June 29, 2018.
             Slain by a gnoll (6 damage)
             ... on level 5 of the Dungeon.
             The game lasted 00:04:37 (3279 turns).

Peloso the Covered (Minotaur Fighter)               Turns: 3279, Time: 00:04:38

Health: -2/53      AC:  7    Str: 21    XL:     6   Next: 85%
Magic:  5/5        EV:  8    Int:  5    God:
Gold:   234        SH: 10    Dex: 11    Spells: 5/5 levels left

rFire    . . .     SeeInvis .   a - +1 falchion (slice)
rCold    . . .     Gourm    .   c - +0 shield
rNeg     . . .     Faith    .   b - +0 scale mail
rPois    .         Spirit   .   (helmet restricted)
rElec    .         Reflect  .   (no cloak)
rCorr    .         Harm     .   (no gloves)
MR       .....                  (no boots)
Stlth    ..........             (no amulet)
HPRegen  0.17/turn              (no ring)
MPRegen  0.09/turn              (no ring)

@: lethally poisoned (-2 -> -4)
A: retaliatory headbutt, horns 2
a: no special abilities


You were on level 5 of the Dungeon.
You were not hungry.

You visited 1 branch of the dungeon, and saw 5 of its levels.

You collected 234 gold pieces.

Inventory:

Hand Weapons
 a - a +1 falchion of slicing (weapon)
Missiles
 h - 66 bolts
Armour
 b - a +0 scale mail (worn)
 c - a +0 shield (worn)
Jewellery
 e - an uncursed ring of magical power {unknown}
 s - an uncursed amulet of the gourmand {unknown}
 u - an uncursed ring of wizardry {unknown}
 C - an uncursed ring of fire {unknown}
Wands
 v - a wand of paralysis (11)
 y - a wand of random effects (18)
Scrolls
 g - 4 scrolls of teleportation {unknown}
 i - 7 scrolls of remove curse {unknown}
 j - a scroll of magic mapping {unknown}
 n - 13 scrolls of identify {unknown}
 p - a scroll of noise {unknown}
 q - a scroll of amnesia {unknown}
 w - a scroll of fear {unknown}
 z - a scroll of fog {unknown}
 B - a scroll of immolation {unknown}
Potions
 d - a potion of might
 k - 2 potions of lignification {unknown}
 l - a potion of heal wounds {unknown}
 m - a potion of flight {unknown}
 o - 3 potions of curing {unknown}
 r - a potion of brilliance {unknown}
 t - 2 potions of magic {unknown}
 x - 2 potions of haste {unknown}
Comestibles
 f - 6 rations


   Skills:
 + Level 4.3 Fighting
 + Level 5.0 Long Blades
 + Level 6.4 Armour
 + Level 1.8 Dodging
 + Level 0.4 Stealth
 + Level 5.2 Shields


You had 5 spell levels left.
You didn't know any spells.

Dungeon Overview and Level Annotations

Branches:
Dungeon (5/15)
 Temple: D:4-7

Altars:
Ashenzari
Kikubaaqudgha
Ru
Uskayaw
Zin


Innate Abilities, Weirdness & Mutations

You reflexively headbutt those who attack you in melee.
You have a pair of horns on your head.


Message History

The gnoll is severely wounded.
You feel sick. The gnoll hits you.
* * * LOW HITPOINT WARNING * * *
The gnoll closely misses you. The gnoll hits you.
* * * LOW HITPOINT WARNING * * *
Unknown command.
You hit the gnoll.
You kill the gnoll!
The gnoll hits you but does no damage.
Unknown command.
You hit the gnoll but do no damage.
You feel sick. The gnoll barely misses you.
You riposte.
You hit the gnoll but do no damage. You hit the gnoll.
The gnoll is lightly wounded.
The gnoll hits you.
* * * LOW HITPOINT WARNING * * *
You hit the gnoll.
The gnoll is heavily wounded.
The gnoll hits you.
You die...

#..?.........#
#..............
#..............
#..............
#..............
#..............
..##....).........
.......<.)#g....#
........!#@....#
.......###....##
......# .....#
...... #....##
...... ....##
.#### .#...#
#...## #..#


You could see a gnoll.

Vanquished Creatures
  An ogre (D:4)
  A scorpion (D:4)
  A hound (D:4)
  An orc priest (D:4)
  A gnoll shaman (D:5)
  A worker ant (D:5)
  3 hound skeletons (D:4)
  6 gnolls
  6 adders
  An ooze (D:4)
  A worm (D:3)
  2 dart slugs
  A leopard gecko (D:2)
  9 orcs
  5 bats
  4 giant cockroaches
  5 hobgoblins
  A jackal (D:4)
  5 kobolds
  A quokka (D:4)
  A ball python (D:3)
  5 frilled lizards
  6 goblins
  5 rats
73 creatures vanquished.

Notes
Turn   | Place    | Note
-------+----------+-------------------------------------------
     0 | D:1      | Peloso the Minotaur Fighter began the quest for the Orb.
     0 | D:1      | Reached XP level 1. HP: 19/19 MP: 0/0
   162 | D:1      | Found a shattered altar of Ashenzari.
   486 | D:1      | Reached skill level 4 in Armour
   489 | D:1      | Reached XP level 2. HP: 22/27 MP: 1/1
  1047 | D:2      | Reached XP level 3. HP: 22/33 MP: 2/2
  1151 | D:2      | Found a glowing silver altar of Zin.
  1343 | D:2      | Found a sacrificial altar of Ru.
  1593 | D:2      | Reached skill level 5 in Armour
  1603 | D:2      | Reached XP level 4. HP: 40/40 MP: 3/3
  1853 | D:3      | Found an ancient bone altar of Kikubaaqudgha.
  2271 | D:4      | Reached XP level 5. HP: 22/46 MP: 4/4
  2408 | D:4      | Reached skill level 1 in Dodging
  2478 | D:4      | Found a hide-covered altar of Uskayaw.
  2536 | D:4      | Noticed an ogre
  2538 | D:4      | Killed an ogre
  2538 | D:4      | Reached XP level 6. HP: 39/52 MP: 5/5
  2661 | D:4      | Reached skill level 5 in Shields
  3006 | D:4      | Reached skill level 5 in Long Blades
  3258 | D:5      | Entered Level 5 of the Dungeon
  3259 | D:5      | Reached skill level 6 in Armour
  3279 | D:5      | Slain by a gnoll

Skill      XL: |  1  2  3  4  5  6 |
---------------+-------------------+-----
Armour         | 4 5 6 |  6.4
Shields        | 4 5 |  5.2
Long Blades    | 3 4 5 |  5.0
Fighting       | 4 |  4.3
Dodging        | 1 |  1.8
Stealth        | |  0.4

Action                   |  1- 3 |  4- 6 || total
-------------------------+-------+-------++-------
Melee: Long sword        |    73 |    10 ||    83
       Headbutt          |    10 |    26 ||    36
       Falchion          |       |   116 ||   116
  Eat: Chunk             |     1 |     7 ||     8
Armor: Scale mail        |    42 |    57 ||    99
Dodge: Dodged            |    30 |    39 ||    69
Block: Shield            |    52 |    61 ||   113
       Rpst.: Long sword |    10 |     1 ||    11
       Falchion          |       |    16 ||    16
